 Dungeon Crawl Stone Soup version 0.27-a0-1139-g28e009f8a6 (webtiles) character file.

Game seed: 5035500694826300294

31532 Mesmaeker13 the Unseen (level 13, -13/82 HPs)
             Began as a Kobold Brigand on May 7, 2021.
             Was a High Priest of Zin.
             Shot with an arrow by Nessos (14 damage)
             ... on level 4 of the Lair of Beasts.
             The game lasted 00:41:20 (18507 turns).

Mesmaeker13 the Unseen (Kobold Brigand)            Turns: 18507, Time: 00:41:21

Health: -13/82     AC: 12    Str: 11    XL:     13   Next: 97%
Magic:  19/20      EV: 22    Int: 21    God:    Zin [*****.]
Gold:   828        SH:  0    Dex: 19    Spells: 15/21 levels left

rFire    + + .     SeeInvis .   m - +1 falchion (flame)
rCold    + . .     Faith    .   (shield restricted)
rNeg     . . .     Spirit   .   l - +3 leather armour {rF+}
rPois    ∞         Reflect  .   x - +2 hat
rElec    .         Harm     .   B - scarf {shadows}
rCorr    .         Rampage  .   (no gloves)
Will     .....                  (no boots)
Stlth    +++++++...             F - amulet of regeneration
HPRegen  1.23/turn              h - +4 ring of protection
MPRegen  0.17/turn              d - ring "Qulunt" {Fly rF+ rC+ Will- Int+6}

@: vitalised, flying, very slightly contaminated, invisible
A: small, no large weapons, nightstalker 3
a: Renounce Religion, Recite, Vitalisation, Imprison, Sanctuary, Donate Gold


You were on level 4 of the Lair of Beasts.
You worshipped Zin.
Zin was extremely pleased with you.
You visited 3 branches of the dungeon, and saw 18 of its levels.

You collected 919 gold pieces.
You donated 91 gold pieces to Zin.

Inventory:

Hand Weapons
 a - a +2 dagger
 m - a +1 falchion of flaming (weapon)
 p - a +4 scimitar of freezing
Missiles
 e - 2 curare-tipped darts
 j - 30 poisoned darts
 N - a throwing net (quivered)
Armour
 g - a +1 cloak
 l - a +3 leather armour of fire resistance (worn)
 x - a +2 hat (worn)
 A - +0 acid dragon scales
 B - a scarf of shadows (worn)
 M - a +0 kite shield
Jewellery
 d - the ring "Qulunt" (right hand) {Fly rF+ rC+ Will- Int+6}
   (You found it on level 3 of the Lair of Beasts)

   [ring of intelligence]

   It affects your intelligence (+6).
   It protects you from fire.
   It protects you from cold.
   It grants you flight.
   It decreases your willpower.
 h - a +4 ring of protection (left hand)
 w - a +6 ring of intelligence
 F - an amulet of regeneration (around neck)
 H - an amulet of the acrobat
Scrolls
 b - 7 scrolls of teleportation
 c - 2 scrolls of enchant armour
 f - a scroll of brand weapon {unknown}
 k - 2 scrolls of magic mapping
 o - 3 scrolls of immolation
 y - a scroll of fog {unknown}
 C - 3 scrolls of noise
 D - 2 scrolls of amnesia
 I - 2 scrolls of enchant weapon
 K - 2 scrolls of summoning
 L - a scroll of blinking
Potions
 i - a potion of might {unknown}
 n - a potion of invisibility
 q - 2 potions of attraction
 r - a potion of lignification {unknown}
 s - 2 potions of haste {unknown}
 u - a potion of brilliance
 v - 5 potions of cancellation
 z - 6 potions of curing
 E - 3 potions of flight


   Skills:
 - Level 10.2 Fighting
 - Level 10.0(10.3) Short Blades
 + Level 2.6(4.8) Long Blades
 - Level 2.5 Throwing
 - Level 12.2 Dodging
 - Level 15.5 Stealth
 + Level 3.8 Shields
 + Level 4.7 Spellcasting
 - Level 9.3 Hexes
 + Level 2.4 Fire Magic
 + Level 3.1 Invocations


You had 15 spell levels left.
You knew the following spells:

 Your Spells              Type           Power      Damage    Failure   Level
a - Confusing Touch       Hex            44%        N/A       1%          3
b - Inner Flame           Hex/Fire       29%        N/A       4%          3

Your spell library contained the following spells:

 Spells                   Type           Power      Damage    Failure   Level
 Dazzling Flash           Conj/Hex       48%        N/A       6%          3
 Foxfire                  Conj/Fire      40%        2x1d6     9%          1
 Magic Dart               Conj           16%        1d3       14%         1
 Searing Ray              Conj           8%         3d3       22%         2
 Fulminant Prism          Conj/Hex       12%        3d9       22%         4
 Conjure Flame            Conj/Fire      10%        6-21      26%         3
 Gell's Gravitas          Tloc           2%         N/A       41%         3
 Metabolic Englaciation   Hex/Ice        12%        N/A       52%         5
 Silence                  Hex/Air        12%        N/A       52%         5
 Yara's Violent Unravell  Hex/Tmut       12%        3d7       52%         5
 Sticky Flame             Conj/Fire      10%        2d3       65%         4
 Animate Dead             Necr           2%         N/A       82%         4
 Iskenderun's Mystic Bla  Conj/Tloc      4%         2d3       82%         4
 Petrify                  Tmut/Erth      4%         N/A       82%         4
 Summon Lightning Spire   Summ/Air       4%         N/A       82%         4
 Fireball                 Conj/Fire      5%         3d5       94%         5
 Borgnjor's Vile Clutch   Necr/Erth      2%         N/A       99%         5
 Conjure Ball Lightning   Conj/Air       2%         3x3d6     100%        6
 Death Channel            Necr           2%         N/A       100%        6
 Simulacrum               Ice/Necr       2%         N/A       100%        6
 Tornado                  Air            2%         N/A       100%        9


Dungeon Overview and Level Annotations

Branches:
Dungeon (11/15)            Temple (1/1) D:4            Lair (6/6) D:11
  Swamp (0/4) Lair:3       Spider (0/4) Lair:2          Orc (0/2) D:11
  Slime: Lair:5-6

Altars:
Ashenzari
Cheibriados
Dithmenos
Elyvilon
Gozag
Hepliaklqana
Kikubaaqudgha
Makhleb
Nemelex Xobeh
Qazlal
Ru
Trog
Vehumet
Wu Jian
Xom
Yredelemnul
Zin

Shops:
D:2 ?   D:3 !

Annotations:
D:5 2 transporters
D:10 2 transporters
Lair:3 1 runed translucent door, Armakuni's ghost, journeyman HuCj
Lair:4 Nessos


Innate Abilities, Weirdness & Mutations

You are small and have problems with some larger weapons.
You are completely attuned to the shadows.


Message History

You hear a roar!
The two-headed hydra barely misses you. x2; Nessos blinks!
Unknown command.
You slice one of the two-headed hydra's heads off!
The flame cauterises the wound!
You slash the one-headed hydra! You burn the one-headed hydra.
The one-headed hydra is severely wounded.
Nessos wields a +3 longbow of flaming.
It bursts into flame!
Nessos shoots an arrow.
The arrow hits you!! The arrow burns you.
The one-headed hydra completely misses you.
You riposte.
You barely miss the one-headed hydra.
The one-headed hydra is severely wounded.
You lop the one-headed hydra's last head off!
You kill the one-headed hydra!
Nessos blinks!
Nessos shoots an arrow.
The arrow hits you!!
* * * LOW HITPOINT WARNING * * *
The arrow burns you.
Your divine stamina protects you from poison!
* * * LOW HITPOINT WARNING * * *
You feel much better.
Nessos shoots an arrow.
The arrow hits you!!
* * * LOW HITPOINT WARNING * * *
The arrow burns you.
* * * LOW HITPOINT WARNING * * *
Blink to where?
Press: ? - help, Dir - move target
Okay, then.
You fade into invisibility!
Nessos gestures wildly while chanting.
Nessos seems to speed up.
A four-headed hydra comes into view.
You are very lightly contaminated with residual magic.
Unknown command.
Okay, then.
You feel better.
Nessos shoots an arrow.
The arrow hits you!!
* * * LOW HITPOINT WARNING * * *
The arrow burns you.
Your divine stamina protects you from poison!
* * * LOW HITPOINT WARNING * * *
Nessos shoots an arrow.
The arrow hits you!
You die...

≈≈≈≈§≈≈....####P..PP
.≈≈≈≈≈≈≈≈≈...# #....#
.≈≈≈≈≈≈≈≈≈≈.######....
..≈≈§§≈≈≈≈≈≈≈.#.##....
..≈≈≈≈§≈≈≈≈≈...#......
D..≈...≈≈≈≈...........
...≈.c...≈............
......†.......#.###...
.#..@.D##P...####.P..
#............#......
$................<..
#.............†.....
.............
.............
..........#


You could see Nessos (fast) and a four-headed hydra (wandering).

Vanquished Creatures
  Gastronok (Lair:3)
  2 hydras (Lair:4)
  Harold (Lair:2)
  A two-headed ogre (D:11)
  A deep elf pyromancer (D:9)
  An orb spider (Lair:2)
  An ugly thing (D:11)
  A cyclops (D:11)
  6 elephants (Lair:4)
  3 black mambas
  2 gargoyles (D:9)
  9 cane toads
  3 rime drakes
  Psyche (D:8)
  Maggie (D:6)
  7 komodo dragons
  3 polar bears (Lair:3)
  A slime creature (D:11)
  Grinder (D:3)
  2 dream sheep (Lair:6)
  4 blink frogs (Lair:4)
  3 wyverns
  A shadow (D:10)
  A wraith (D:11)
  48 yaks
  2 steam dragons
  3 basilisks
  An acid dragon (D:9)
  15 water moccasins
  2 ice beasts
  A sky beast (D:8)
  4 orc warriors
  4 black bears
  A necrophage (D:7)
  2 ogres
  A phantom (D:4)
  2 centaurs
  A kobold brigand (D:7)
  12 bullfrogs
  4 scorpions
  A water moccasin skeleton (D:7)
  8 wights
  4 howler monkeys
  3 centaur zombies
  6 jellies
  6 orc priests
  3 hounds
  A bullfrog skeleton (D:4)
  A centaur skeleton (D:6)
  Ijyb (D:3)
  Terence (D:2)
  6 iguanas
  Natasha (thrice) (D:3)
  4 orc wizards
  2 killer bee zombies
  Robin (D:2)
  2 howler monkey zombies
  4 adders
  A howler monkey skeleton (D:7)
  A shadow imp (D:8)
  An adder skeleton (D:4)
  2 worms
  3 dart slugs
  22 orcs
  2 ball pythons (D:4)
  22 endoplasms
  4 giant cockroaches
  15 goblins
  5 hobgoblins
  4 quokkas
  3 bats (D:2)
  4 frilled lizards
  14 kobolds
  5 rats
325 creatures vanquished.

Vanquished Creatures (collateral kills)
  2 yaks (D:11)
2 creatures vanquished.

Vanquished Creatures (others)
  6 yaks
  21 fungi
  56 plants
83 creatures vanquished.

Grand Total: 410 creatures vanquished

Notes
Turn   | Place    | Note
-------+----------+-------------------------------------------
     0 | D:1      | Mesmaeker13 the Kobold Brigand began the quest for the Orb.
     0 | D:1      | Reached XP level 1. HP: 12/12 MP: 1/1
   300 | D:1      | Reached XP level 2. HP: 18/18 MP: 2/2
   627 | D:1      | Found a faded altar of an unknown god.
  1063 | D:2      | Reached XP level 3. HP: 22/22 MP: 3/3
  1202 | D:2      | Noticed Robin
  1322 | D:2      | Killed Robin
  1323 | D:2      | Reached XP level 4. HP: 28/28 MP: 4/4
  1567 | D:2      | Found Siuq's Magic Scroll Boutique.
  2035 | D:2      | Noticed Terence
  2038 | D:2      | Found a basalt altar of Yredelemnul.
  2039 | D:2      | Killed Terence
  2040 | D:2      | Reached XP level 5. HP: 32/32 MP: 5/5
  2121 | D:3      | Noticed Natasha
  2136 | D:3      | Killed Natasha
  2137 | D:3      | Reached skill level 6 in Stealth
  2193 | D:3      | Noticed Grinder
  2199 | D:3      | Killed Grinder
  2200 | D:3      | Reached XP level 6. HP: 38/38 MP: 6/6
  2287 | D:3      | Noticed a black bear
  2304 | D:3      | Killed a black bear
  2305 | D:3      | Reached skill level 5 in Short Blades
  2305 | D:3      | Reached skill level 7 in Stealth
  2305 | D:3      | Reached XP level 7. HP: 37/43 MP: 7/7
  2370 | D:3      | Noticed Ijyb
  2384 | D:3      | Killed Ijyb
  2434 | D:3      | Found Uhyt's Distillery.
  2451 | D:3      | Noticed Natasha
  2453 | D:3      | Killed Natasha
  2457 | D:3      | Noticed Natasha
  2464 | D:3      | Killed Natasha
  2843 | D:3      | Found an opulent altar of Gozag.
  3730 | D:4      | Learned a level 3 spell: Confusing Touch
  3765 | D:4      | Reached XP level 8. HP: 48/48 MP: 8/8
  3944 | D:4      | Reached skill level 5 in Fighting
  3944 | D:4      | Reached skill level 5 in Dodging
  3988 | D:4      | Reached skill level 8 in Stealth
  4148 | D:4      | Found a staircase to the Ecumenical Temple.
  4158 | Temple   | Entered the Ecumenical Temple
  4183 | Temple   | Became a worshipper of Zin the Law-Giver
  4183 | Temple   | Reached * piety under Zin
  4440 | D:5      | Entered Level 5 of the Dungeon
  4440 | D:5      | Found a hazy altar of Hepliaklqana.
  4855 | D:5      | Found a transporter.
  4874 | D:5      | Noticed a deep elf pyromancer
  4964 | D:5      | Reached ** piety under Zin
  5100 | D:5      | Found an ornate altar of the Wu Jian Council.
  5104 | D:5      | Noticed a spectral centipede
  5104 | D:5      | Noticed a spectral black mamba
  5317 | D:5      | Reached skill level 1 in Hexes
  5357 | D:5      | Found a transporter.
  5505 | D:5      | Found a broken altar of Ashenzari.
  5682 | D:6      | Noticed Maggie
  5685 | D:6      | Killed Maggie
  5686 | D:6      | Reached skill level 9 in Stealth
  5686 | D:6      | Reached XP level 9. HP: 54/54 MP: 9/9
  6261 | D:6      | Reached *** piety under Zin
  6478 | D:7      | Reached skill level 10 in Stealth
  7421 | D:7      | Reached XP level 10. HP: 42/59 MP: 10/10
  7517 | D:7      | Found a sparkling altar of Nemelex Xobeh.
  7615 | D:7      | Found a shimmering altar of Xom.
  7920 | D:8      | Noticed Psyche
  8699 | D:8      | Reached **** piety under Zin
  9085 | D:8      | Found a shadowy altar of Dithmenos.
  9089 | D:8      | Found a snail-covered altar of Cheibriados.
  9092 | D:8      | Found a stormy altar of Qazlal.
  9622 | D:8      | Killed Psyche
  9623 | D:8      | Reached skill level 11 in Stealth
  9623 | D:8      | Reached skill level 5 in Hexes
  9719 | D:8      | Found a sacrificial altar of Ru.
  9800 | D:9      | Found the +8 demon trident "Rift" {distort, reach+}
  9817 | D:9      | Noticed a deep elf pyromancer
  9821 | D:9      | Killed a deep elf pyromancer
  9896 | D:9      | Found a bloodstained altar of Trog.
  9939 | D:9      | Found an ancient bone altar of Kikubaaqudgha.
 10079 | D:9      | Noticed a gargoyle
 10089 | D:9      | Killed a gargoyle
 10090 | D:9      | Reached skill level 10 in Short Blades
 10272 | D:9      | Noticed a gargoyle
 10293 | D:9      | Killed a gargoyle
 10891 | D:10     | Entered Level 10 of the Dungeon
 10897 | D:10     | Reached skill level 12 in Stealth
 10897 | D:10     | Reached XP level 11. HP: 64/64 MP: 11/11
 11053 | D:10     | Noticed a worldbinder
 11075 | D:10     | Found a transporter.
 11075 | D:10     | Noticed a skeletal warrior
 11093 | D:10     | Found a transporter.
 11223 | D:10     | Reached ***** piety under Zin
 11301 | D:10     | Reached skill level 10 in Dodging
 11936 | D:11     | Noticed a red ugly thing
 11948 | D:11     | Killed a red ugly thing
 12110 | D:11     | Reached skill level 13 in Stealth
 12186 | D:11     | Noticed a two-headed ogre
 12187 | D:11     | Found a staircase to the Orcish Mines.
 12190 | D:11     | Killed a two-headed ogre
 12197 | D:11     | Noticed a cyclops
 12201 | D:11     | Killed a cyclops
 12365 | D:11     | Found a staircase to the Lair.
 12944 | D:11     | Reached XP level 12. HP: 73/73 MP: 6/12
 13075 | Lair:1   | Entered Level 1 of the Lair of Beasts
 13896 | Lair:1   | Reached skill level 14 in Stealth
 14542 | Lair:2   | Noticed Harold
 14546 | Lair:2   | Killed Harold
 14962 | Lair:2   | Found a hole to the Spider Nest.
 15683 | Lair:3   | Reached XP level 13. HP: 80/80 MP: 13/13
 15690 | Lair:3   | Identified the ring "Qulunt" {Fly rF+ rC+ Will- Int+6}
 15842 | Lair:3   | Reached skill level 1 in Spellcasting
 15915 | Lair:3   | Reached skill level 1 in Shields
 15928 | Lair:3   | Reached skill level 15 in Stealth
 16332 | Lair:3   | Noticed Gastronok
 16361 | Lair:3   | Killed Gastronok
 16362 | Lair:3   | Reached skill level 10 in Fighting
 16446 | Lair:3   | Found a staircase to the Swamp.
 16813 | Lair:3   | Found a runed translucent door.
 16815 | Lair:3   | Noticed Armakuni's ghost (journeyman HuCj)
 17172 | Lair:4   | Noticed a five-headed hydra
 17191 | Lair:4   | Killed a five-headed hydra
 17334 | Lair:4   | Noticed an eight-headed hydra
 17451 | Lair:4   | Reached skill level 1 in Long Blades
 17501 | Lair:4   | Reached skill level 1 in Invocations
 17644 | Lair:4   | Learned a level 3 spell: Inner Flame
 17683 | Lair:4   | You are sucked into a shaft and drop 2 floors!
 17683 | Lair:6   | Entered Level 6 of the Lair of Beasts
 17700 | Lair:5   | Noticed a six-headed hydra
 17931 | Lair:4   | Reached skill level 1 in Fire Magic
 18501 | Lair:4   | Noticed Nessos
 18504 | Lair:4   | Killed a one-headed hydra
 18506 | Lair:4   | Noticed a four-headed hydra
 18507 | Lair:4   | HP: 4/82 [Nessos/arrow (21)]
 18507 | Lair:4   | HP: 1/82 [Nessos/arrow (3)]
 18507 | Lair:4   | Shot with an arrow by Nessos

Illustrated notes

Levels and vault maps discovered:
D:1:      ncdulo_wetmaze, layout_basic,
          shapermc_ecumenical_altar_mp_ritualfount, minmay_misc_feat_diagonals
D:2:      layout_loops_ring, basic_altar, serial_shops, shop, uniq_terence,
          uniq_robin
D:3:      layout_basic, lemuel_coloured_pillars_altar, serial_shops,
          nicolae_shop_crystal, uniq_natasha, uniq_ijyb, uniq_grinder
D:4:      layout_cave_pools, lemuel_temple_firewalk_a, grunt_ministairs_6,
          st_stairs_11, dk_noncrumbling_2, chequers_big_river,
          serial_bayou_pond_c, kennysheep_opposing_triangles
D:5:      layout_loops_ring, lemuel_tele_altar, gammafunk_temple_overflow_arena,
          pdpol_wu_jian_five_deadly_venoms
D:6:      layout_basic, uniq_maggie
D:7:      layout_basic, marbit_many_paths, nicolae_overflow_crystal_walls
D:8:      layout_gridville, nicolae_ru_the_path_less_chosen, minitemple,
          uniq_psyche
D:9:      layout_rooms, overflow_temple_1_default, overflow_temple_1_default,
          serial_shops, shop_statue, minmay_misc_feat_roman
D:10:     layout_cross, gammafunk_ghost_abyssal_escape, centaur_isle
D:11:     lemuel_slime, layout_rooms, minmay_lair_entry_grove, orc_0_dummy
Temple:   eino_wide_crystal_templ
Lair:1:   layout_cave_shapes, gauntlet_entry_generic, minivault_19
Lair:2:   layout_cave_pods, nicolae_spider_entry_orb_guardian,
          infiniplex_staircase_pool, uniq_harold
Lair:3:   layout_cave_pods, swamp_mist_pool, ebering_ghost_inner_flame,
          grunt_megastairs_2, uniq_gastronok
Lair:4:   layout_gridlike, lemuel_old_faithful, grunt_megastairs_4, uniq_nessos
Lair:5:   layout_gridlike, nicolae_slime_entry_slimehenge, beast_lair_carwin_6,
          lemuel_fruit_fields, serial_bayou_shore_a
Lair:6:   hangedman_lair_tendril_chambers, layout_regular_city, wormcave

Skill      XL: |  1  2  3  4  5  6  7  8  9 10 11 12 13 |
---------------+----------------------------------------+-----
Short Blades   | 3 4 5 7 8 10 | 10.0
Dodging        | 2 3 4 6 7 9 10 12 | 12.2
Fighting       | 3 4 5 7 9 10 | 10.2
Stealth        | 6 7 9 10 12 13 14 15 | 15.5
Hexes          | 2 4 6 7 9 |  9.3
Spellcasting   | 4 |  4.7
Shields        | 3 |  3.8
Long Blades    | 2 |  2.6
Invocations    | 3 |  3.1
Fire Magic     | 2 |  2.4
Throwing       | |  2.5

Action                   |  1- 3 |  4- 6 |  7- 9 | 10-12 | 13-15 || total
-------------------------+-------+-------+-------+-------+-------++-------
Melee: Dagger            |    53 |    95 |   280 |   408 |   271 ||  1107
       Falchion          |       |       |    28 |    32 |    22 ||    82
       Scimitar          |       |       |       |   105 |    23 ||   128
Throw: Dart              |     7 |     3 |     5 |     3 |     1 ||    19
       Throwing net      |       |       |       |       |     3 ||     3
 Cast: Confusing Touch   |       |       |       |    50 |    39 ||    89
Invok: Recite            |       |       |       |     2 |       ||     2
       Vitalisation      |       |       |       |     1 |     3 ||     4
Evoke: Wand              |       |       |     6 |    11 |     2 ||    19
  Use: Scroll            |       |       |     7 |     8 |     3 ||    18
       Potion            |       |       |       |       |     3 ||     3
 Stab: Sleeping          |    17 |     8 |    37 |    43 |    11 ||   116
       Distracted        |       |       |     4 |     1 |     4 ||     9
       Paralysed         |       |       |     2 |       |       ||     2
       Confused          |       |       |       |    52 |    40 ||    92
Armor: Robe              |    21 |     8 |       |       |       ||    29
       Leather armour    |       |    21 |    67 |    70 |    47 ||   205
       Skin              |       |       |       |     3 |       ||     3
Dodge: Dodged            |    38 |    40 |   146 |   297 |   262 ||   783
       Rpst.: Falchion   |       |       |     5 |     8 |     7 ||    20
       Scimitar          |       |       |       |    22 |     8 ||    30

Table legend: (Time is in decaauts)
 A = Elapsed time spent in this place.
 B = Non-inter-level travel time spent in this place.
 C = Inter-level travel time spent in this place.
 D = Time resting spent in this place.
 E = Time spent auto-exploring this place.
 F = Levels seen in this place.
 G = Mean time per level.
                   A        B        C        D        E       F      G
               +--------+--------+--------+--------+--------+-----+--------+
         Total |  18096 |  17650 |    446 |   2123 |  12440 |  18 | 1005.3 |
       Dungeon |  12799 |  12495 |    304 |   1654 |   8791 |  11 | 1163.5 |
        Temple |     31 |     26 |      5 |      0 |     21 |   1 |   31.0 |
          Lair |   5265 |   5128 |    137 |    468 |   3628 |   6 |  877.5 |
               +--------+--------+--------+--------+--------+-----+--------+

Top non-repeatable levels by time:
     D:8: 1999 daAuts
  Lair:3: 1528 daAuts
     D:7: 1327 daAuts
     D:4: 1326 daAuts
  Lair:2: 1298 daAuts
    D:11: 1143 daAuts
  Lair:1: 1141 daAuts
     D:5: 1134 daAuts
     D:9: 1108 daAuts
     D:2: 1107 daAuts
  Lair:4: 1106 daAuts
     D:1: 969 daAuts
     D:3: 947 daAuts
    D:10: 897 daAuts
     D:6: 837 daAuts
